 Dungeon Crawl Stone Soup version 0.26-b1-32-g5d43845318 (webtiles) character file.

Game seed: 206080557754940441

95 Froggeryz the Ducker (level 4, 0/38 HPs)
             Began as a Gnoll Gladiator on Jan 5, 2021.
             Slain by a centaur (2 damage)
             ... on level 5 of the Dungeon.
             The game lasted 00:02:38 (1722 turns).

Froggeryz the Ducker (Gnoll Gladiator)              Turns: 1722, Time: 00:02:38

Health: 0/38       AC:  7    Str: 17    XL:     4   Next: 65%
Magic:  5/5        EV: 13    Int: 11    God:
Gold:   159        SH:  0    Dex: 16    Spells: 5/5 levels left

rFire    . . .     SeeInvis .   p - +0 whip (elec)
rCold    . . .     Faith    .   (no shield)
rNeg     . . .     Spirit   .   o - +0 scale mail
rPois    .         Reflect  .   c - +0 helmet
rElec    .         Harm     .   (no cloak)
rCorr    .         Rampage  .   (no gloves)
Will     .....                  (no boots)
Stlth    ..........             n - amulet of magic regeneration
HPRegen  0.12/turn              (no ring)
MPRegen  0.34/turn              (no ring)

@: no status effects
A: distributed training, fangs 1, strong nose
a: no special abilities


You were on level 5 of the Dungeon.
You visited 1 branch of the dungeon, and saw 4 of its levels.

You collected 159 gold pieces.

Inventory:

Hand Weapons
 a - a +0 flail
 p - a +0 whip of electrocution (weapon)
Missiles
 b - 2 javelins
 d - 5 throwing nets (quivered)
Armour
 c - a +0 helmet (worn)
 o - a +0 scale mail (worn)
Jewellery
 n - an amulet of magic regeneration (around neck)
Wands
 l - a wand of polymorph (6)
Scrolls
 f - 2 scrolls of identify {unknown}
 h - 2 scrolls of remove curse {unknown}
 k - a scroll of fear {unknown}
Potions
 e - a potion of heal wounds {unknown}
 g - a potion of magic {unknown}
 i - 3 potions of curing {unknown}
 j - 2 potions of attraction {unknown}
 m - a potion of ambrosia {unknown}


   Skills:
 + Level 4.6 Fighting
 + Level 1.2 Short Blades
 + Level 1.2 Long Blades
 + Level 1.2 Axes
 + Level 6.6 Maces & Flails
 + Level 1.2 Polearms
 + Level 1.2 Staves
 + Level 1.2 Slings
 + Level 1.2 Bows
 + Level 1.2 Crossbows
 + Level 4.6 Throwing
 + Level 1.2 Armour
 + Level 6.6 Dodging
 + Level 1.2 Stealth
 + Level 1.2 Shields
 + Level 1.2 Unarmed Combat
 + Level 1.2 Spellcasting
 + Level 1.0 Conjurations
 + Level 1.0 Hexes
 + Level 1.0 Summonings
 + Level 1.0 Necromancy
 + Level 1.0 Translocations
 + Level 1.0 Transmutations
 + Level 1.0 Fire Magic
 + Level 1.0 Ice Magic
 + Level 1.0 Air Magic
 + Level 1.0 Earth Magic
 + Level 1.0 Poison Magic
 + Level 1.3 Invocations
 + Level 1.2 Evocations


You had 5 spell levels left.
You didn't know any spells.
Your spell library was empty.

Dungeon Overview and Level Annotations

Branches:
Dungeon (5/15)
 Temple: D:4-7

Altars:


Innate Abilities, Weirdness & Mutations

Your experience applies equally to all skills.
You have very sharp teeth.
Your uncanny sense of smell can sniff out nearby items.


Message History

* * * LOW HITPOINT WARNING * * *
You hit the centaur but do no damage. Your bite misses the centaur.
The centaur is moderately wounded.
The centaur misses you.
You hit the centaur.
The centaur is severely wounded.
The centaur hits you.
* * * LOW HITPOINT WARNING * * *
You hit the centaur but do no damage. Your punch misses the centaur.
The centaur is severely wounded.
The centaur hits you.
* * * LOW HITPOINT WARNING * * *
You hit the centaur.
The centaur is severely wounded.
The centaur hits you.
* * * LOW HITPOINT WARNING * * *
You hit the centaur.
The centaur is almost dead.
The centaur hits you.
You die...

#.≈≈≈♣≈.###
#####.
##.≈P≈♣## ##
∆ ####..#
#..## ##.##
##..# ##..##
..#######..##
.......(.@.#
..########c##
#(.# #...#
#.....
#.$...#
#.....#
♣.≈...≈
P≈≈≈≈≈♣#


You could see a centaur.

Vanquished Creatures
  A jelly (D:5)
  4 gnolls (D:5)
  3 leopard geckos (D:1)
  2 orcs (D:5)
  2 ball pythons
  A giant cockroach (D:1)
  4 goblins
  2 hobgoblins (D:2)
  2 jackals (D:5)
  A quokka (D:5)
  A bat (D:1)
  A kobold (D:1)
  A rat (D:2)
25 creatures vanquished.

Vanquished Creatures (others)
  10 plants (D:5)
10 creatures vanquished.

Grand Total: 35 creatures vanquished

Notes
Turn   | Place    | Note
-------+----------+-------------------------------------------
     0 | D:1      | Froggeryz the Gnoll Gladiator began the quest for the Orb.
     0 | D:1      | Reached XP level 1. HP: 20/20 MP: 1/1
   729 | D:1      | Reached XP level 2. HP: 26/26 MP: 2/2
  1054 | D:2      | You fall into a shaft and drop 2 floors!
  1079 | D:4      | Noticed an ogre
  1244 | D:5      | Entered Level 5 of the Dungeon
  1298 | D:5      | Reached XP level 3. HP: 31/31 MP: 3/3
  1397 | D:5      | Reached skill level 1 in Invocations
  1400 | D:5      | Reached skill level 1 in Short Blades
  1400 | D:5      | Reached skill level 1 in Long Blades
  1400 | D:5      | Reached skill level 1 in Axes
  1400 | D:5      | Reached skill level 1 in Polearms
  1400 | D:5      | Reached skill level 1 in Staves
  1400 | D:5      | Reached skill level 1 in Slings
  1400 | D:5      | Reached skill level 1 in Bows
  1400 | D:5      | Reached skill level 1 in Crossbows
  1400 | D:5      | Reached skill level 1 in Armour
  1400 | D:5      | Reached skill level 1 in Stealth
  1400 | D:5      | Reached skill level 1 in Shields
  1400 | D:5      | Reached skill level 1 in Unarmed Combat
  1400 | D:5      | Reached skill level 1 in Spellcasting
  1400 | D:5      | Reached skill level 1 in Evocations
  1406 | D:5      | Reached XP level 4. HP: 24/38 MP: 5/5
  1559 | D:5      | Noticed a sky beast
  1627 | D:5      | Reached skill level 1 in Conjurations
  1627 | D:5      | Reached skill level 1 in Hexes
  1627 | D:5      | Reached skill level 1 in Summonings
  1627 | D:5      | Reached skill level 1 in Necromancy
  1627 | D:5      | Reached skill level 1 in Translocations
  1627 | D:5      | Reached skill level 1 in Transmutations
  1627 | D:5      | Reached skill level 1 in Fire Magic
  1627 | D:5      | Reached skill level 1 in Ice Magic
  1627 | D:5      | Reached skill level 1 in Air Magic
  1627 | D:5      | Reached skill level 1 in Earth Magic
  1627 | D:5      | Reached skill level 1 in Poison Magic
  1703 | D:5      | Noticed a centaur
  1722 | D:5      | Slain by a centaur

Illustrated notes

Levels and vault maps discovered:
D:1:      lightli_arrival_windingriver, layout_basic
D:2:      layout_basic, grunt_ministairs_11
D:4:      layout_basic, okawaru_altar_gauntlet_db, uniq_edmund
D:5:      layout_cave_pods, serial_bayou, serial_bayou_shore_a,
          serial_bayou_pond_e, serial_bayou_pond_a, serial_bayou_shore_b,
          serial_bayou_lake_a, uniq_ijyb

Skill      XL: |  1  2  3  4 |
---------------+-------------+-----
Invocations    | 1 |  1.3
Short Blades   | 1 |  1.2
Long Blades    | 1 |  1.2
Axes           | 1 |  1.2
Polearms       | 1 |  1.2
Staves         | 1 |  1.2
Slings         | 1 |  1.2
Bows           | 1 |  1.2
Crossbows      | 1 |  1.2
Armour         | 1 |  1.2
Stealth        | 1 |  1.2
Shields        | 1 |  1.2
Unarmed Combat | 1 |  1.2
Spellcasting   | 1 |  1.2
Evocations     | 1 |  1.2
Conjurations   | 1 |  1.0
Hexes          | 1 |  1.0
Summonings     | 1 |  1.0
Necromancy     | 1 |  1.0
Translocations | 1 |  1.0
Transmutations | 1 |  1.0
Fire Magic     | 1 |  1.0
Ice Magic      | 1 |  1.0
Air Magic      | 1 |  1.0
Earth Magic    | 1 |  1.0
Poison Magic   | 1 |  1.0
Fighting       | |  4.6
Maces & Flails | |  6.6
Throwing       | |  4.6
Dodging        | |  6.6

Action                   |  1- 3 |  4- 6 || total
-------------------------+-------+-------++-------
Melee: Flail             |    65 |    11 ||    76
       Bite              |     7 |     2 ||     9
       Whip              |       |    12 ||    12
Armor: Leather armour    |     6 |       ||     6
       Scale mail        |     1 |     1 ||     2
Dodge: Dodged            |    53 |     9 ||    62
